 Dungeon Crawl Stone Soup version 0.31-a0-167-g1c394c0614 (webtiles) character file.

Game seed: 982340610917886826

92 qw the Shooter (level 4, -1/40 HPs)
             Began as a Naga Hunter on June 14, 2023.
             Slain by a river rat (5 damage)
             ... in a sewer.
             The game lasted 00:00:26 (1315 turns).

qw the Shooter (Naga Hunter)                        Turns: 1315, Time: 00:00:26

Health: -1/40      AC:  2    Str: 11 (13) XL:     4   Next: 60%
Magic:  4/4        EV:  9    Int:  7 (9)  God:
Gold:   57         SH:  0    Dex: 17      Spells: 3/3 levels left

rFire   . . .        Y - +0 shortbow
rCold   . . .        (shield currently unavailable)
rNeg    . . .        c - +0 leather armour
rPois   +            (no helmet)
rElec   .            (no cloak)
rCorr   .            (no gloves)
SInv    +            (no barding)
Will    .....        (no amulet)
Stlth   ++           (no ring)
HPRegen 0.26/turn    (no ring)
MPRegen 0.09/turn

%: no passive effects
@: short of breath, very slow
A: AC +1, large, see invisible, deformed body, poison resistance, slowness 2,
spit poison 1, naga tail 1
a: Spit Poison


You were in a sewer.
You visited 1 branch of the dungeon, and saw 3 of its levels.
You also visited: Sewer.

You collected 57 gold pieces.


Innate Abilities, Weirdness & Mutations

Your serpentine skin is tough. (AC +1)
You have supernaturally acute eyesight. (SInv)
Armour fits poorly on your strangely shaped body.
Your system is resistant to poisons. (rPois)
You cover ground very slowly.
You can spit poison.
You have a snake-like lower body.


   Skills:
 + Level 2.8 Fighting
 - Level 5.0 Ranged Weapons
 - Level 1.5 Dodging
 - Level 1.5 Stealth


You had 3 spell levels left.
You didn't know any spells.
Your spell library was empty.

Inventory:

Hand Weapons
 Y - a +0 shortbow (weapon)
Armour
 c - a +0 leather armour (worn)
Scrolls
 a - a scroll of identify
Potions
 f - a potion of might

Dungeon Overview and Level Annotations

Branches:
Dungeon (3/15)              Sewer (1/1)

Altars:
Nemelex Xobeh
Xom


Message History

1306 ||| INVOKING Spit Poison.
Aiming: Spit Poison (1% risk of failure)
Press: ? - help, Shift-Dir - straight line, f/p - river rat The splash of poison hits the river rat.
The river rat is poisoned.
The river rat is moderately wounded.
The river rat bites you.
You shoot an arrow. The arrow hits the river rat.
The river rat is almost dead.
The river rat completely misses you.
The river rat bites you but does no damage. x2
You shoot an arrow. The arrow barely misses the river rat.
The rat bites you.
The river rat bites you. x2; The rat bites you.
You shoot an arrow. The arrow closely misses the river rat.
The river rat closely misses you. The river rat bites you.
The rat bites you but does no damage.
You shoot an arrow. The arrow hits the river rat.
You kill the river rat!
You have got your breath back.
The river rat bites you. The rat bites you.
1311 ||| INVOKING Spit Poison.
Aiming: Spit Poison (1% risk of failure)
Press: ? - help, Shift-Dir - straight line, f - river rat The splash of poison misses the river rat.
The river rat looks more healthy.
The river rat bites you. The rat barely misses you.
You shoot an arrow. The arrow hits the river rat.
The river rat is almost dead.
The river rat bites you. The rat misses you.
You shoot an arrow.
The arrow hits the river rat but does no damage.
The river rat is almost dead.
The river rat bites you. The rat bites you. The river rat bites you.
You shoot an arrow. The arrow barely misses the river rat.
The rat bites you. The river rat barely misses you. The rat bites you.
You shoot an arrow.
The arrow hits the river rat but does no damage.
The river rat is almost dead.
The river rat bites you.
You die...

~~..
#~~~
.~~
##~.#
#~..
#~~#
#.~#
#@\#
#rr#
#~~#
#.~.
##.~#
.%.
#~~.
~..~


You could see a river rat and a rat.

Vanquished Creatures
  3 gnolls (D:3)
  2 adders (D:3)
  A river rat (Sewer)
  3 dart slugs
  An orc (D:2)
  An endoplasm (D:1)
  3 giant cockroaches
  A goblin (D:1)
  A hobgoblin (D:1)
  2 jackals (D:2)
  A quokka (D:2)
  2 ball pythons (D:1)
  2 bats (D:1)
  3 frilled lizards
  2 kobolds
  5 rats
33 creatures vanquished.

Notes
Turn   | Place    | Note
-------+----------+-------------------------------------------
     0 | D:1      | qw the Naga Hunter began the quest for the Orb.
     0 | D:1      | Reached XP level 1. HP: 19/19 MP: 1/1
     0 | D:1      | 0 ||| qw: Version: 0.2-a-29-g1fa15c8
     0 | D:1      | 0 ||| qw: Game counter: 4979
     0 | D:1      | 0 ||| qw: Always use a shield: true
     0 | D:1      | 0 ||| qw: God list: Okawaru
     0 | D:1      | 0 ||| qw: Allow faded altars: false
     0 | D:1      | 0 ||| qw: Do Orc after D:15 true
     0 | D:1      | 0 ||| qw: Do second Lair branch before Depths: true
     0 | D:1      | 0 ||| qw: Lair rune preference: random
     0 | D:1      | 0 ||| qw: Plans: Normal
     0 | D:1      | 0 ||| PLANNING D:1-11
    14 | D:1      | Found a faded altar of an unknown god.
    15 | D:1      | 15 ||| INVOKING Spit Poison.
    19 | D:1      | 19 ||| INVOKING Spit Poison.
    71 | D:1      | 71 ||| INVOKING Spit Poison.
    76 | D:1      | 76 ||| INVOKING Spit Poison.
    82 | D:1      | 82 ||| INVOKING Spit Poison.
    87 | D:1      | 87 ||| INVOKING Spit Poison.
    89 | D:1      | Reached skill level 4 in Ranged Weapons
    89 | D:1      | Reached XP level 2. HP: 26/26 MP: 2/2
   171 | D:1      | 171 ||| INVOKING Spit Poison.
   211 | D:1      | 211 ||| INVOKING Spit Poison.
   312 | D:1      | 312 ||| INVOKING Spit Poison.
   463 | D:1      | 463 ||| INVOKING Spit Poison.
   513 | D:1      | 513 ||| INVOKING Spit Poison.
   831 | D:1      | 831 ||| READING 3 scrolls labelled SUCITW IVAA.
   832 | D:1      | 832 ||| DRINKING 2 sedimented emerald potions.
   833 | D:1      | 833 ||| READING 2 scrolls of identify.
   833 | D:1      | 833 ||| IDENTIFYING fuming grey potion
   834 | D:1      | 834 ||| DROPPING scroll of butterflies.
   835 | D:1      | 835 ||| DROPPING potion of enlightenment.
   836 | D:1      | 836 ||| DROPPING potion of degeneration.
   850 | D:2      | 850 ||| INVOKING Spit Poison.
   853 | D:2      | 853 ||| INVOKING Spit Poison.
   869 | D:2      | You fall into a shaft and drop 1 floor!
   870 | D:3      | 870 ||| PLANNING SEWER
   902 | D:3      | Found a sparkling altar of Nemelex Xobeh.
   903 | D:3      | 903 ||| INVOKING Spit Poison.
   931 | D:3      | 931 ||| INVOKING Spit Poison.
   932 | D:3      | Reached XP level 3. HP: 32/32 MP: 3/3
   934 | D:3      | 934 ||| INVOKING Spit Poison.
   959 | D:3      | 959 ||| INVOKING Spit Poison.
   964 | D:3      | 964 ||| INVOKING Spit Poison.
   970 | D:3      | 970 ||| INVOKING Spit Poison.
   972 | D:3      | Reached skill level 5 in Ranged Weapons
   972 | D:3      | Reached XP level 4. HP: 24/39 MP: 4/4
  1081 | D:3      | Found a shimmering altar of Xom.
  1183 | D:3      | 1183 ||| INVOKING Spit Poison.
  1194 | D:3      | 1194 ||| INVOKING Spit Poison.
  1198 | D:3      | 1198 ||| INVOKING Spit Poison.
  1294 | D:3      | Found a glowing drain.
  1295 | D:3      | 1295 ||| READING 2 scrolls of identify.
  1295 | D:3      | 1295 ||| IDENTIFYING pink potion
  1299 | Sewer    | Entered a sewer
  1300 | Sewer    | 1300 ||| INVOKING Spit Poison.
  1306 | Sewer    | 1306 ||| INVOKING Spit Poison.
  1311 | Sewer    | 1311 ||| INVOKING Spit Poison.
  1313 | Sewer    | HP: 9/40 [river rat (6)]
  1314 | Sewer    | HP: 4/40 [rat (3)]
  1315 | Sewer    | Slain by a river rat

Levels and vault maps discovered:
D:1:      dpeg_arrival_short_road, layout_basic, shapermc_ecumenical_altar_gd,
          amethyst_killhole
D:2:      layout_rooms, roderic_malta_cross, uniq_terence
D:3:      layout_rooms, nemelex_xobeh_ov_fountains_minmay,
          mainiacjoe_overflow_surrounded_room, gup_sewer_entry_bowl
Sewer:    sewer_hellmonk_bad_rat

Skill      XL: |  1  2  3 |
---------------+----------+-----
Ranged Weapons | 4 5 |  5.0
Fighting       | |  2.8
Dodging        | |  1.5
Stealth        | |  1.5

Action                     |  1- 3 |  4- 6 || total
---------------------------+-------+-------++-------
   Fire: Shortbow          |    51 |    26 ||    77
Ability: Spit Poison       |    19 |     6 ||    25
    Use: Scroll            |     2 |     1 ||     3
         Potion            |     1 |       ||     1
 Armour: Leather armour    |    10 |     5 ||    15
  Dodge: Dodged            |    13 |     9 ||    22

Table legend:
 A = Non-vault XP
 B = Vault XP
 C = Vault XP percentage of total XP
 D = Non-vault monster count
 E = Vault monster count
 F = Vault count percentage of total count
                 A         B        C        D         E       F
            +---------+---------+-------+---------+---------+-------
      Total |     112 |      20 |  15.2 |      27 |       6 |  18.2
            +---------+---------+-------+---------+---------+-------
        D:1 |      20 |       0 |   0.0 |      12 |       0 |   0.0
        D:2 |       9 |       0 |   0.0 |       4 |       0 |   0.0
        D:3 |      83 |       5 |   5.7 |      11 |       3 |  21.4
      Sewer |       0 |      15 | 100.0 |       0 |       3 | 100.0
            +---------+---------+-------+---------+---------+-------
